Unix NetHack Version 5.0.0-0 post-release - last build Jun 10 2026 00:39:30 (3ee93aec679c4c4259841fe613dc97188e26a321,branch:main).

Game began 2026-07-08 18:46:11, ended 2026-07-08 18:57:36.

Anarchos, lawful female dwarven Valkyrie

                              ----
                              -..---
                            --`....-----
      .                     |..........-
     --.                    |.|.<..---
    --..                    |.|-.---
    |.G..   --           ----.|---
   --.....---.--------  --.|.^|
   |.......|...|.|.|.----....--
  --..................||....--
 --..............G....--.|.--
 |..............^........|.--
 |..........................-
 |.............?...*.........|
 --.....G.....q@%.G.---...|*.-
  --- --.......f...h......|...|
       --.--*....>..-----....
        -- -.........|   .....
         ...........--   .....
     ...........|.---   ----.-
    ---------------         --
Anarchos the Skirmisher     St:13 Dx:10 Co:17 In:12 Wi:12 Ch:10  Lawful
Dlvl:5  $:38 HP:0(33) Pw:8(8) AC:6  Xp:3 T:1161 

Latest messages:
 The homunculus bites!
 You hit the homunculus.
 The homunculus bites!
 You kill the homunculus!
 You swap places with your kitten.
 You descend the stairs.
 You swap places with the peaceful gnome.
 The kitten misses the gnome.
 The kitten misses the gnome.
 You hear some noises.
 An arrow shoots out at you!
 You are hit by an arrow.
 It misses the gnome.
 It misses the gnome.
 It misses the gnome.
 It bites the gnome.
 The gnome is killed!
 A trap door opens up under you!
 Pick a monster, object or location.
 What do you want to throw? [$bv or ?*] s
 In what direction? 8
 The kitten seems more amiable.
 Your kitten devours a pancake.
 The gnome falls into a pit!
 A - a scroll labeled STRC PRST SKRZ KRK.
 B - a brass lantern.
 What do you want to use or apply? [ehrtuxB or ?*] ?
 Never mind.
 It misses the gnome.
 The kitten bites the gnome.
 The gnome hits the kitten.
 The kitten misses the gnome.
 You climb up the stairs.
 The kitten misses the dwarf.
 The kitten bites the gnome.
 The gnome is killed!
 The kitten misses the rothe.
 You miss the rothe.
 The kitten misses the rothe.
 The rothe hits!
 The rothe bites!
 The rothe bites again!
 You hit the rothe!
 The kitten misses the rothe.
 The rothe hits!
 The rothe bites!
 The rothe bites again!
 You die...
 Do you want your possessions identified? [ynq] (y) y
 Do you want to see your attributes? [ynq] (y) q

Inventory:
 Coins    ('$')
  $ - 38 gold pieces
 Weapons  (')')
  v - 11 blessed +0 arrows
  b - a +0 dagger (alternate weapon; not wielded)
  a - a +1 dwarvish spear (weapon in left hand)
 Armor    ('[')
  c - an uncursed +3 small shield (being worn)
 Comestibles  ('%')
  y - an uncursed food ration
  d - a cursed food ration
  w - an uncursed fortune cookie
  o - an uncursed lichen corpse
 Scrolls  ('?')
  A - an uncursed scroll of enchant weapon
  n - an uncursed scroll of identify
 Spellbooks  ('+')
  h - an uncursed spellbook of detect monsters
  t - an uncursed spellbook of polymorph
 Wands    ('/')
  x - a wand of create monster (0:15)
  e - a cursed wand of sleep (0:6)
  u - a wand of stasis (0:4)
 Tools    ('(')
  B - an uncursed brass lantern
  r - 3 uncursed wax candles
 Gems/Stones  ('*')
  z - an uncursed worthless piece of red glass

Anarchos the Valkyrie's attributes:

Background:
 You were a Skirmisher, a level 3 dwarven Valkyrie.
 You were lawful, nominally on a mission for Tyr
 who was opposed by Odin (neutral) and Loki (chaotic).
 You were left-handed.
 You were in the Gnomish Mines, on level 5.
 You entered the dungeon 1161 turns ago.
 You had 52 experience points, 28 more were needed to attain level 4.

Basics:
 You had 0 out of 33 hit points.
 You had all 8 energy points (spell power).
 Your armor class was 6.
 Your wallet contained 38 zorkmids.
 Autopickup was on for all types.

Final Characteristics:
 Your strength was 13 (limit:18/100).
 Your dexterity was 10 (peak:11, limit:20).
 Your constitution was 17 (limit:20).
 Your intelligence was 12 (limit:16).
 Your wisdom was 12 (limit:16).
 Your charisma was 10 (limit:16).

Final Status:
 You weren't hungry.
 You were unencumbered.
 You were wielding a spear.
 You had basic skill with spear.

Final Attributes:
 You were devoutly aligned.
 You were cold resistant.
 You had infravision.
 You were stealthy.
 You are dead.

Miscellaneous:
 You didn't encounter any bones levels.
 Total elapsed playing time was 11 minutes and 23 seconds.

Major events:
 Turn
    1: Anarchos the lawful dwarven Valkyrie entered the dungeon
  799: attained the rank of Skirmisher (level 3)
 1115: entered the Gnomish Mines
 1161: killed by a rothe

You didn't know any spells.

Skills:
 Fighting Skills
   bare handed combat [Unskilled]
   two weapon combat  [Unskilled]
   riding             [Unskilled]
 Weapon Skills
   dagger             [Basic]
   axe                [Unskilled]
   pick-axe           [Unskilled]
   short sword        [Unskilled]
   broadsword         [Unskilled]
   long sword         [Unskilled]
   two-handed sword   [Unskilled]
   saber              [Unskilled]
   hammer             [Unskilled]
   quarterstaff       [Unskilled]
   polearms           [Unskilled]
   spear              [Basic]
   trident            [Unskilled]
   lance              [Unskilled]
   sling              [Unskilled]
 Spellcasting Skills
   attack spells      [Unskilled]
   escape spells      [Unskilled]

Voluntary challenges:
 Character rerolling was not enabled.
 You were an atheist.
 You never genocided any monsters.
 You never polymorphed an object.
 You never changed form.
 You used no wishes.
Achievements:
 You entered a shop.
 You attained the rank of Skirmisher.
 You entered the Gnomish Mines.

 The Dungeons of Doom: levels 1 to 4
    Level 1:
    Level 2:
       A general store, some fountains.
    Level 3:
    Level 4:
       A fountain.
       Stairs down to The Gnomish Mines.
 The Gnomish Mines: levels 5 to 6
    Level 5: <- You were here.
       Final resting place for
          you, killed by a rothe.
    Level 6:


Vanquished creatures:
  a homunculus
  a gas spore
  2 gnomes
  3 geckos
  2 jackals
  2 goblins
  a sewer rat
  2 grid bugs
  6 lichens
  a kobold zombie
  a newt
22 creatures vanquished.

No species were genocided or became extinct.

Game over:
                       ----------
                      /          \
                     /    REST    \
                    /      IN      \
                   /     PEACE      \
                  /                  \
                  |     Anarchos     |
                  |      38 Au       |
                  |   killed by a    |
                  |      rothe       |
                  |                  |
                  |                  |
                  |       2026       |
                 *|     *  *  *      | *
        _________)/\\_//(\/(/\)/\//\/|_)_______

Farvel Anarchos the Valkyrie...

You died in The Gnomish Mines on dungeon level 5 with 513 points,
and 38 pieces of gold, after 1161 moves.
You were level 3 with a maximum of 33 hit points when you died.

